 Dungeon Crawl Stone Soup version 0.27.1-3-gb3d3a73c9e (webtiles) character file.

Game seed: 11222015979714148496

1488 Urokeeper the Sneak (level 8, 0/54 HPs)
             Began as an Octopode Brigand on Oct 21, 2021.
             Slain by a gnoll sergeant (8 damage)
             ... on level 7 of the Dungeon.
             The game lasted 00:15:17 (6418 turns).

Urokeeper the Sneak (Octopode Brigand)              Turns: 6418, Time: 00:15:17

Health: 0/54       AC:  3    Str: 10 (11) XL:     8   Next: 80%
Magic:  8/8        EV: 15    Int: 13      God:
Gold:   1548       SH:  0    Dex: 15      Spells: 7/7 levels left

rFire    + . .     SeeInvis +   e - +0 triple sword (vorpal)
rCold    x . .     Faith    .   (shield currently unavailable)
rNeg     . . .     Spirit   .   (helmet restricted)
rPois    .         Reflect  .   (no amulet)
rElec    .         Harm     .   j - ring of see invisible
rCorr    .         Rampage  .   s - ring of fire
Will     .....                  (no ring)
Stlth    ++++......             (no ring)
HPRegen  0.18/turn              (no ring)
MPRegen  0.11/turn              (no ring)
                                (no ring)
                                (no ring)

@: no status effects
A: almost no armour, amphibious, 8 rings, camouflage 1, gelatinous body 1,
(nimble swimmer 1), tentacles, iridescent scales 1, deterioration 1, sense
surroundings 1
a: no special abilities


You were on level 7 of the Dungeon.
You visited 1 branch of the dungeon, and saw 7 of its levels.

You collected 1548 gold pieces.

Inventory:

Hand Weapons
 a - a +2 dagger
 e - a +0 vorpal triple sword (weapon)
 i - a +2 dagger of electrocution
 k - a +0 spear
 n - a +0 halberd
Missiles
 b - 8 poisoned darts (quivered)
Armour
 y - a +0 kite shield
Jewellery
 j - a ring of see invisible (left tentacle)
 s - a ring of fire (right tentacle)
Scrolls
 d - a scroll of amnesia
 f - a scroll of fog
 g - 4 scrolls of magic mapping {unknown}
 q - a scroll of vulnerability {unknown}
 r - 2 scrolls of enchant armour {unknown}
 t - 3 scrolls of enchant weapon {unknown}
 u - a scroll of identify
 v - a scroll of silence {unknown}
 w - 2 scrolls of noise {unknown}
 A - 2 scrolls of immolation {unknown}
Potions
 h - a potion of mutation
 l - 2 potions of curing


   Skills:
 + Level 4.6 Fighting
 - Level 2.5(4.2) Short Blades
 * Level 5.2(5.5) Long Blades
 - Level 3.1 Throwing
 * Level 5.4 Dodging
 + Level 7.0 Stealth
 - Level 3.5 Shields


You had 7 spell levels left.
You didn't know any spells.
Your spell library contained the following spells:

 Spells                   Type           Power      Damage    Failure   Level
 Apportation              Tloc           0%         N/A       30%         1
 Alistair's Intoxication  Tmut/Pois      0%         N/A       100%        5
 Invisibility             Hex            0%         N/A       100%        6


Dungeon Overview and Level Annotations

Branches:
Dungeon (7/15)             Temple (0/1) D:6

Altars:
Elyvilon
Fedhas
Gozag
Kikubaaqudgha
Nemelex Xobeh
Ru
The Shining One

Annotations:
D:3 1 runed translucent door, om's ghost, amateur KoEn
D:6 2 exclusions


Innate Abilities, Weirdness & Mutations

You cannot wear most types of armour.
You are amphibious.
You can wear up to eight rings at the same time.
Your skin changes colour to match your surroundings (Stealth+).
Your rubbery body absorbs attacks. (AC +1, EV +1)
((You are camouflaged near water. (Stealth+)))
You have tentacles for arms and can constrict up to eight enemies at once.
You are partially covered in iridescent scales. (AC +2)
Your body sometimes deteriorates upon taking damage.
You passively map a small area around you.


Message History

You squeeze the gnoll, but do no damage.
The gnoll is severely wounded.
You constrict the gnoll.
The gnoll escapes!
The gnoll hits you with a +0 club.
You closely miss the gnoll. You grab the gnoll. You constrict the gnoll.
The gnoll sergeant misses you. The gnoll closely misses you.
You riposte.
You hit the gnoll. You squeeze the gnoll!
The gnoll is severely wounded.
The gnoll sergeant closely misses you. The gnoll barely misses you.
You riposte.
You slash the gnoll!
You kill the gnoll!
The gnoll sergeant closely misses you.
Things that are here:
a +0 flail; a gnoll corpse You barely miss the gnoll sergeant.
You grab the gnoll sergeant.
You constrict the gnoll sergeant, but do no damage.
The gnoll sergeant misses you.
You hit the gnoll sergeant but do no damage.
You constrict the gnoll sergeant, but do no damage.
The gnoll sergeant hits you with a +0 trident of freezing.
The gnoll sergeant freezes you.
The gnoll sergeant hits you with a +0 trident of freezing!
The gnoll sergeant freezes you!
Your body deteriorates!
You feel weakened.
You slash the gnoll sergeant!
The gnoll sergeant is heavily wounded.
You constrict the gnoll sergeant, but do no damage.
The gnoll sergeant closely misses you.
The gnoll sergeant hits you with a +0 trident of freezing!
* * * LOW HITPOINT WARNING * * *
The gnoll sergeant freezes you.
* * * LOW HITPOINT WARNING * * *
Blink to where?
Press: ? - help, Dir - move target You lose your grip on something.
As you read the scroll of blinking, it crumbles to dust.
Found 17 gold pieces.
Found an escape hatch in the ceiling.
Found a stone staircase leading up.
The gnoll sergeant hits you from afar with a +0 trident of freezing!
You die...

* * .
#....<....... , <
#.....(...(##
.#####..##...####
...........g# *
#..###.##..l# #..#
# ###g# * * #..#
#.# ########..# #
# #.# ....<..@..#
#.# #.#
....####..# #.#
#.# # * *
#g.##...###.#
.####..#.#*#.##.#
#.......g.# #....#
,*
######.##g###.####
#.###...##
*..........# *
.##.####g.#


You could see a gnoll sergeant and 2 gnolls.

Vanquished Creatures
  A wyvern (D:7)
  Edmund (D:5)
  An ice beast (D:6)
  An ogre (D:4)
  A necrophage (D:6)
  A phantom (D:5)
  A scorpion (D:5)
  2 bullfrogs (D:6)
  2 water moccasin zombies
  A wyvern skeleton (D:6)
  3 orc priests
  A bullfrog skeleton (D:5)
  3 iguanas
  7 orc wizards
  Terence (D:2)
  A howler monkey zombie (D:5)
  A gnoll (D:7)
  6 adders
  An adder skeleton (D:4)
  A worm (D:2)
  A dart slug (D:4)
  12 orcs
  6 ball pythons
  6 bats
  9 endoplasms
  2 giant cockroaches
  10 goblins
  4 hobgoblins
  A quokka (D:3)
  A frilled lizard (D:3)
  5 kobolds
  7 rats
101 creatures vanquished.

Notes
Turn   | Place    | Note
-------+----------+-------------------------------------------
     0 | D:1      | Urokeeper the Octopode Brigand began the quest for the Orb.
     0 | D:1      | Reached XP level 1. HP: 14/14 MP: 1/1
   426 | D:1      | Reached XP level 2. HP: 19/19 MP: 2/2
  1002 | D:2      | Reached XP level 3. HP: 24/24 MP: 3/3
  1261 | D:2      | Noticed Terence
  1271 | D:2      | Killed Terence
  1272 | D:2      | Reached XP level 4. HP: 30/30 MP: 4/4
  1279 | D:2      | Identified a scroll of acquirement
  1291 | D:2      | Acquired a +0 vorpal triple sword
  1989 | D:3      | Reached skill level 6 in Stealth
  1993 | D:3      | Reached skill level 1 in Long Blades
  1993 | D:3      | Reached XP level 5. HP: 21/36 MP: 5/5
  2163 | D:2      | Gained mutation: You passively map a small area around you.
                  | [potion of mutation]
  2163 | D:2      | Gained mutation: Your body sometimes deteriorates upon
                  | taking damage. [potion of mutation]
  2163 | D:2      | Gained mutation: You are partially covered in iridescent
                  | scales. (AC +2) [potion of mutation]
  2296 | D:3      | Found a runed translucent door.
  2315 | D:3      | Noticed om's ghost (amateur KoEn)
  2526 | D:3      | You fall into a shaft and drop 2 floors!
  2526 | D:5      | Entered Level 5 of the Dungeon
  2579 | D:5      | Noticed a phantom
  3093 | D:3      | Reached XP level 6. HP: 31/42 MP: 6/6
  3319 | D:3      | Found a glowing golden altar of the Shining One.
  3423 | D:3      | Found a sacrificial altar of Ru.
  4041 | D:4      | Found a white marble altar of Elyvilon.
  4064 | D:4      | Reached XP level 7. HP: 46/46 MP: 7/7
  4359 | D:5      | Noticed Edmund
  4366 | D:5      | Killed Edmund
  4367 | D:5      | Reached skill level 1 in Shields
  5105 | D:5      | Acquired 1275 gold pieces
  5112 | D:5      | Reached XP level 8. HP: 24/54 MP: 8/8
  5716 | D:6      | Found an ancient bone altar of Kikubaaqudgha.
  5910 | D:6      | Reached skill level 5 in Dodging
  5935 | D:6      | Noticed an unseen horror
  5985 | D:6      | Found a staircase to the Ecumenical Temple.
  6075 | D:6      | Found an opulent altar of Gozag.
  6075 | D:6      | Found a sparkling altar of Nemelex Xobeh.
  6080 | D:6      | Reached skill level 5 in Long Blades
  6125 | D:6      | Found a blossoming altar of Fedhas.
  6147 | D:7      | Noticed a wyvern
  6163 | D:7      | Killed a wyvern
  6164 | D:7      | Reached skill level 7 in Stealth
  6418 | D:7      | Slain by a gnoll sergeant

Illustrated notes

Levels and vault maps discovered:
D:1:      nzn_arrival_crosshair, layout_basic, serial_bayou,
          serial_bayou_pond_d, serial_bayou_pond_c, serial_bayou_ford_a,
          serial_bayou_pond_d
D:2:      minmay_angry_zag, layout_loops_ring, minmay_misc_feat_chi,
          minivault_26, roderic_serpentine_path, grunt_decor_fettered,
          st_stairs_6, chequers_serial_rivers_micro_c,
          minmay_goblin_kobold_house, uniq_terence
D:3:      layout_rooms, nicolae_ru_the_path_less_chosen, old_standard_altar,
          ebering_ghost_reflecting_pool
D:4:      layout_loops_ring, mainiacjoe_overflow_tiny_flanked,
          minmay_a_box_with_orc_wizards_in_it
D:5:      layout_loops_corners, uniq_edmund
D:6:      layout_rooms, grunt_temple_overflow_opulence,
          mainiacjoe_overflow_alcove_2, mainiacjoe_overflow_small_starburst,
          minmay_temple_entry_mist, kennysheep_generic_room_3
D:7:      layout_loops_ring, nicolae_wu_jian_glorious_leap, nrook_mini_vaults

Skill      XL: |  1  2  3  4  5  6  7  8 |
---------------+-------------------------+-----
Dodging        | 2 3 4 5 |  5.4
Stealth        | 6 7 |  7.0
Long Blades    | 1 2 3 4 5 |  5.2
Fighting       | 3 4 |  4.6
Throwing       | 3 |  3.1
Shields        | 2 3 |  3.5
Short Blades   | |  2.5

Action                   |  1- 3 |  4- 6 |  7- 9 || total
-------------------------+-------+-------+-------++-------
Melee: Dagger            |    37 |     2 |       ||    39
       Tentacles         |     7 |     9 |    14 ||    30
       Constrict         |     6 |    22 |    13 ||    41
       Triple sword      |       |    81 |    57 ||   138
Throw: Dart              |     2 |     8 |     3 ||    13
  Use: Scroll            |       |     5 |     4 ||     9
       Potion            |       |     3 |     4 ||     7
 Stab: Sleeping          |    13 |    12 |     8 ||    33
Armor: Skin              |     2 |    11 |     8 ||    21
Dodge: Dodged            |    16 |    75 |    39 ||   130
       Rpst.: Triple sword |       |    13 |    12 ||    25
